AoeStats
← Morrión

Fortress

507524592Analyzed
2v2 RM · 15d ago on Sep 18, 2026· 54m 47s· 4 players
Game mode
Random Map
Map size
Normal (6 player)
Population
200
Speed
Normal
Resources
Standard
Victory
Conquest
Starting age
Dark Age
Ending age
Imperial Age
RankedLock teamsTeams togetherTeam positionsShared explorationLock speedFull tech treeHidden civsTurbo modeCheats
Victory
Defeat
🇨🇴 Burgundians · Colombia
1398
+15
🇨🇳 Italians · China
1396
+15
🇪🇸 Poles · Spain
1381
-15
🇪🇸 Italians · Spain
1379
-15
juanca12
7:10 Feudal Age
11:44 Castle Age
9:41 Double-Bit Axe
9:48 Horse Collar
13:44 Fletching
13:57 Padded Archer Armor
15:33 Wheelbarrow
15:36 Bodkin Arrow
16:06 Bow Saw
17:08 Heavy Plow
20:37 Hand Cart
22:29 Ballistics
23:33 Leather Archer Armor
28:36 Imperial Age
25:55 Loom
25:57 Town Watch
30:25 Chemistry
29:27 Bracer
29:58 Ring Archer Armor
29:57 Conscription
30:27 Elite Genoese Crossbowman
36:26 Scale Mail Armor
36:36 Forging
37:46 Chain Mail Armor
36:53 Pikeman
45:19 Crop Rotation
46:09 Elite Skirmisher
53:29 Two-Man Saw
54:47 Silk Road
Morrión
8:08 Feudal Age
12:23 Castle Age
10:11 Double-Bit Axe
11:37 Scale Barding Armor
11:29 Horse Collar
13:11 Szlachta Privileges
16:09 Forging
16:29 Bloodlines
18:53 Husbandry
20:12 Chain Barding Armor
20:14 Loom
21:08 Wheelbarrow
23:43 Iron Casting
24:17 Bow Saw
25:18 Hand Cart
28:17 Heavy Plow
31:55 Imperial Age
30:23 Fletching
32:02 Cavalier
36:29 Blast Furnace
35:10 Capped Ram
39:24 Conscription
55:16 Bodkin Arrow
maxwell54
2:31 Double-Bit Axe
4:19 Horse Collar
7:37 Feudal Age
12:02 Castle Age
10:37 Bow Saw
10:39 Heavy Plow
11:36 Wheelbarrow
15:24 Two-Man Saw
18:54 Gold Mining
21:41 Crop Rotation
22:19 Hand Cart
21:50 Loom
22:14 Burgundian Vineyards
22:28 Fletching
22:39 Padded Archer Armor
22:11 Elite Skirmisher
23:07 Bodkin Arrow
24:17 Gold Shaft Mining
24:09 Leather Archer Armor
24:05 Town Watch
25:27 Ballistics
28:01 Imperial Age
28:01 Scale Barding Armor
28:07 Forging
29:43 Chemistry
28:46 Bracer
29:07 Chain Barding Armor
29:17 Conscription
28:33 Elite Coustillier
30:09 Iron Casting
31:57 Plate Barding Armor
31:48 Husbandry
33:28 Blast Furnace
34:49 Cavalier
36:35 Paladin
46:57 Light Cavalry
49:19 Hussar
sam666
6:26 Feudal Age
7:45 Loom
10:31 Castle Age
9:19 Horse Collar
9:33 Double-Bit Axe
12:56 Bow Saw
19:36 Wheelbarrow
19:56 Fletching
23:20 Imperial Age
21:17 Bodkin Arrow
21:44 Ballistics
22:08 Hand Cart
22:04 Gold Mining
23:14 Heavy Plow
24:01 Padded Archer Armor
24:06 Bracer
24:38 Padded Archer Armor
25:47 Chemistry
25:04 Town Watch
25:56 Leather Archer Armor
26:05 Conscription
26:53 Two-Man Saw
26:38 Thumb Ring
29:46 Elite Genoese Crossbowman
32:53 Ring Archer Armor
32:48 Scale Barding Armor
32:54 Forging
33:30 Stone Mining
34:39 Bloodlines
34:30 Husbandry
33:50 Light Cavalry
34:52 Chain Barding Armor
37:46 Plate Barding Armor
37:47 Iron Casting
41:40 Stone Shaft Mining
44:29 Hussar
47:08 Blast Furnace
49:51 Crop Rotation
Connection lost

Rejoining the realm…

Still unreachable

The connection could not be restored.

Session expired

The server has moved on; the page needs a fresh start.